[Event "Late-Titled-Tuesday-Blitz-January-16-2024"]
[Site "Chess.com"]
[Date "2024.01.16"]
[Round "4"]
[White "MrChessSponge"]
[Black "ChessicallyInclined"]
[Result "0-1"]
[WhiteElo "2550"]
[BlackElo "2727"]
[TimeControl "180+1"]
[EndTime "14:38:25 PST"]
[Termination "ChessicallyInclined won by resignation"]

1. d4 Nf6 2. c4 b6 3. Nc3 Bb7 4.
f3 d5 5. cxd5 Nxd5 6. e4 Nxc3 7.
bxc3 e5 8. Be3 exd4 9. cxd4 Bb4+ 10. Kf2 Nd7 11. Bc4 O-O 12. Ne2 c5 13. a3 cxd4 14.
Nxd4 Bc5 15. Nf5 Bxe3+ 16. Nxe3 Ne5 17. Qxd8 Rfxd8 18. Rhd1 Kf8 19. Bd5 Bxd5 20. Nxd5 Rac8 21. Rd2 Rc3 22. Nxc3 Rxd2+ 23. Kg3 Nc4 24. Nd5 f5 25. a4 g5 26. Rc1 Nd6 27. Rc6 fxe4 28. Rxd6 e3 29. Rd8+ Kf7 30. Rd7+ Ke6 31. Re7+ Kxd5 32.
Rxe3 Rd4 33. Ra3 Kc5 34. Rc3+ Kb4 35. Rc7 a5 36. Rc6 b5 37. axb5 Kxb5 38. Rc7 h5 39.
Rb7+ Kc4 40. Rg7 Rd5 41. h4 gxh4+ 42. Kxh4 a4 43. Ra7 Kb4 44. g4 hxg4 45. fxg4 a3 46. g5 Ra5 47. Rb7+ Kc3 48. Rb1 a2 49. Ra1 Kb2 50. Rxa2+ Rxa2 51. g6 Kc3 52. Kh5 Kd4 53. g7 Rg2 54. Kh6 Ke5 55. Kh7 Kf6 56. Kh8 Kf7 0-1

[Event "Late-Titled-Tuesday-Blitz-January-16-2024"]
[Site "Chess.com"]
[Date "2024.01.16"]
[Round "4"]
[White "cthulhuuu"]
[Black "M1711"]
[Result "0-1"]
[WhiteElo "2440"]
[BlackElo "2669"]
[TimeControl "180+1"]
[EndTime "14:38:25 PST"]
[Termination "M1711 won on time"]

1. e4 c6 2. d3 d5 3. Nd2 e5 4.
Ngf3 Bd6 5. d4 exd4 6. exd5 c5 7. Ne4 Ne7 8. Bb5+ Kf8 9. Nxd6 Qxd6 10. b4 Nxd5 11.
O-O Nxb4 12. c3 N4c6 13. Ba3 Bg4 14. cxd4 Nd7 15. dxc5 Qxd1 16. Rfxd1 Ke7 17. Re1+ Kf6 18. Bb2+ Kg6 19. Nh4+ Kh5 20. g3 Rhe8 21. f3 Be6 22. Bxg7 a6 23. Bd3 Nxc5 24. Bb1 Rg8 25. g4+ Kxh4 26.
Bf6+ Kh3 27. f4 Rxg4+ 28. Kf2 Rxf4+ 29. Ke3 Rxf6 30. Rg1 Rd8 31. Bc2 Rd5 32. Rg3+ Kh4 33. Rag1 Re5+ 34. Kd2 Rf2+ 35. Kc1 Ree2 36. Bb1 h5 37.
Rg5 Rf1+ 38. Rxf1 Kxg5 39. Rg1+ Kf4 40. Rg7 Bxa2 41. Bc2 Nd4 42. Kd1 Rxc2 43. h4 Rh2 44. Kc1 Ke3 0-1

[Event "Late-Titled-Tuesday-Blitz-January-16-2024"]
[Site "Chess.com"]
[Date "2024.01.16"]
[Round "4"]
[White "NikoTheodorou"]
[Black "Yaacovn"]
[Result "1-0"]
[WhiteElo "3082"]
[BlackElo "2893"]
[TimeControl "180+1"]
[EndTime "14:38:26 PST"]
[Termination "NikoTheodorou won on time"]

1. Nf3 Nf6 2. b3 b6 3. Bb2 Bb7 4. g3 g6 5. Bg2 Bg7 6. O-O O-O 7.
c4 c5 8. d4 cxd4 9. Qxd4 d5 10. Rd1 e6 11. cxd5 Bxd5 12. Nc3 Nc6 13. Qa4 Qe8 14. Rac1 Rc8 15. Nxd5 Nxd5 16. Bxg7 Kxg7 17. e4 Nf6 18. e5 Nd5 19. h4 h5 20. Qe4 Nce7 21. Qe1 Rxc1 22. Rxc1 Qd7 23. Ng5 Rc8 24. Ne4 Rxc1 25. Qxc1 Nf5 26. Qd2 Qc7 27. Qb2 b5 28. Nd6 Qc3 29. Nxf5+ gxf5 30. Qe2 Qc1+ 31. Kh2 Qc5 32. Kg1 Qc1+ 33. Bf1 b4 34. Qxh5 Nc3 35. Qf3 Qd2 36. g4 fxg4 37. Qxg4+ Kf8 38. Qxb4+ Kg7 39. Qg4+ Kf8 40. Qf3 Nxa2 41. Qa8+ Kg7 42. Qxa7 Nc3 43. Qe3 Qb2 44. Bc4 Kf8 45. Kg2 Nd1 46. Qf4 Qb1 47.
Bxe6 Qg6+ 48. Bg4 Nc3 49. h5 Qc6+ 50. Bf3 Qc5 51. b4 Qc7 52. h6 Kg8 53. Qf6 Kf8 54.
h7 1-0

[Event "Late-Titled-Tuesday-Blitz-January-16-2024"]
[Site "Chess.com"]
[Date "2024.01.16"]
[Round "4"]
[White "lucliasco"]
[Black "Makswolf200817"]
[Result "0-1"]
[WhiteElo "2879"]
[BlackElo "2728"]
[TimeControl "180+1"]
[EndTime "14:38:27 PST"]
[Termination "Makswolf200817 won on time"]

1. e4 c5 2. Nc3 d6 3. d4 cxd4 4. Qxd4 Nc6 5. Qd2 g6 6. b3 Bh6 7.
f4 e5 8. g3 Nf6 9. Bb2 O-O 10.
O-O-O Bg4 11. Be2 Nd4 12. Bxg4 Nxg4 13. Nd5 Bg7 14. h3 Nf6 15. Nxf6+ Bxf6 16. Ne2 Nxe2+ 17. Qxe2 exf4 18. e5 Bxe5 19. Bxe5 Re8 20. gxf4 Qb6 21. Rhe1 dxe5 22. fxe5 Re7 23. Rd5 Rae8 24. Qd2 Qe6 25. h4 h5 26. Qd4 a6 27. Kb1 Qg4 28. Re4 Qh3 29. Kb2 Kh7 30. a4 Rc8 31. Rc5 Rd7 32. Qc4 Re8 33. Rc7 Rxc7 34. Qxc7 Qf5 35. Qxb7 Rxe5 36.
Rc4 Re6 37. b4 Rf6 38. b5 Qe6 39. Rc3 axb5 40. axb5 Qe5 41. Kb3 Rf5 42. Kb4 Qd6+ 43. Kb3 Rf4 44. Rc4 Qe6 45. Qc6 Qe3+ 46. c3 Rf1 47. Rb4 Qe2 0-1

[Event "Late-Titled-Tuesday-Blitz-January-16-2024"]
[Site "Chess.com"]
[Date "2024.01.16"]
[Round "4"]
[White "varunkrishnanchess"]
[Black "chessprincesa1"]
[Result "1-0"]
[WhiteElo "2644"]
[BlackElo "2313"]
[TimeControl "180+1"]
[EndTime "14:38:27 PST"]
[Termination "varunkrishnanchess won by resignation"]

1. d4 Nf6 2. c4 e6 3. Nf3 d5 4. cxd5 exd5 5. Nc3 Bb4 6. Bg5 O-O 7. e3 h6 8. Bh4 g5 9. Bg3 Ne4 10. Qc2 h5 11.
Bd3 h4 12. Be5 Bf5 13. h3 c5 14. O-O Bxc3 15. bxc3 c4 16. Bxe4 Bxe4 17. Qb2 Qe7 18. Nd2 Bd3 19. Rfe1 Nc6 20. Bh2 f5 21. Qb5 Rfd8 22. f3 a6 23. Qb6 Rd7 24. Qc5 Re8 25. Qxe7 Rdxe7 26. Kf2 b5 27. f4 g4 28. hxg4 fxg4 29.
g3 h3 30. a3 a5 31. e4 dxe4 32. Nf1 Bxf1 33. Kxf1 b4 34. axb4 axb4 35. cxb4 Nxb4 36. Rec1 Nd3 37. Rxc4 e3 38. Ke2 Nb2 39. Rc2 Rb7 40. Rb1 Reb8 41. d5 Rb3 42. d6 Nc4 43. Rxb3 Rxb3 44. Rxc4 Rb2+ 45. Kxe3 Rb6 46. Rd4 Rb8 47. d7 Rd8 48. Ke4 Kf7 49. Kf5 Ke7 50. Kxg4 1-0

[Event "Late-Titled-Tuesday-Blitz-January-16-2024"]
[Site "Chess.com"]
[Date "2024.01.16"]
[Round "4"]
[White "Fandorine"]
[Black "AGW2016"]
[Result "1-0"]
[WhiteElo "2957"]
[BlackElo "2615"]
[TimeControl "180+1"]
[EndTime "14:38:28 PST"]
[Termination "Fandorine won by resignation"]

1. c4 Nf6 2. Nc3 g6 3. e4 d6 4. d4 Bg7 5. Be2 O-O 6. Nf3 e5 7. O-O Nc6 8. d5 Ne7 9. Kh1 Nh5 10. Rg1 f5 11. exf5 gxf5 12. Nxe5 dxe5 13. Bxh5 Ng6 14. g3 e4 15. f4 exf3 16. Bxf3 f4 17. Bxf4 Nxf4 18.
gxf4 Rxf4 19. Qd2 Rxf3 20. Rxg7+ Kxg7 21. Qg2+ Kh8 22. Qxf3 Bd7 23. Ne4 Qf8 24. Qc3+ Qg7 25.
Nf6 Bf5 26. Rg1 Bg6 27. h4 Rf8 28. h5 Qxf6 29. Qxf6+ Rxf6 30. hxg6 hxg6 31. Kg2 Kg7 32. Re1 Kf7 33. Re3 Rf4 34. b3 Rd4 35. Re2 a5 36.
Kf3 b6 37. Ke3 Rd1 38. Rh2 Ke7 39. Rh7+ Kd6 40. Rg7 Rg1 41. Kd4 Rg4+ 42. Kc3 Rg3+ 43. Kb2 Rg2+ 44. Ka3 g5 45. Rg6+ Kd7 46. Rf6 g4 47. Rg6 g3 48. Rg4 Ke7 49. Ka4 Kd7 50. Kb5 Kd6 51. a3 Kd7 52. Rg6 Rg1 53. Ka6 g2 54.
Kb7 Rb1 55. Rxg2 Rxb3 56. Rg7+ Kd6 57. Rxc7 Rxa3 58. Rc6+ Kd7 59. Kxb6 a4 60. Kb5 Ra1 61. Kb4 a3 62. Kb3 a2 63. Kb2 Rb1+ 64. Kxa2 Rb4 65. Ka3 Rb1 66. Ka4 Rb2 67. Ka5 Rb1 68. Rb6 Rc1 69.
Kb5 Rb1+ 70. Kc5 Ra1 71. Rb7+ Kc8 72. Rh7 1-0

[Event "Late-Titled-Tuesday-Blitz-January-16-2024"]
[Site "Chess.com"]
[Date "2024.01.16"]
[Round "4"]
[White "HajiyevKanan"]
[Black "ChessBrainiacOnTwitch"]
[Result "0-1"]
[WhiteElo "2578"]
[BlackElo "2805"]
[TimeControl "180+1"]
[EndTime "14:38:30 PST"]
[Termination "ChessBrainiacOnTwitch won by resignation"]

1. d4 Nf6 2. Nf3 e6 3. c4 d5 4. cxd5 exd5 5. Nc3 Bb4 6. Qb3 c5 7. Bg5 Nc6 8. a3 cxd4 9. axb4 dxc3 10. bxc3 h6 11.
Bxf6 Qxf6 12. e3 O-O 13. Bb5 Bg4 14. Nd4 Ne5 15. O-O Rfd8 16. Rfc1 a6 17. Bf1 Rac8 18.
b5 axb5 19. Qxb5 Rd7 20. h3 Be6 21. Ra7 Rdc7 22. f4 Nc6 23. Nxc6 bxc6 24. Qb6 Rxa7 25. Qxa7 Qg6 26. Kh2 c5 27. Qb7 Qe4 28. Re1 Re8 29.
c4 g5 30. Qc6 Rc8 31. Qd6 dxc4 32. fxg5 hxg5 33. Qg3 f6 34. Be2 c3 35. Bf3 Qd3 36.
Rd1 Qf5 37. Qd6 Qe5+ 38. Qxe5 fxe5 39. Rc1 c4 40. Rxc3 Kf7 41. Be2 Ke7 42. Kg3 Kd6 43.
h4 gxh4+ 44. Kxh4 Rh8+ 45. Kg3 Rg8+ 46. Kf2 Kc5 47. Rc1 Kb4 48. Rb1+ Kc3 49. Rb6 Bd5 50. Rd6 Be4 51. Re6 Rxg2+ 52. Kf1 Rg5 53. Kf2 Bd3 54. Bxd3 cxd3 55. Rc6+ Kd2 56. e4 Rg4 57. Kf3 Rf4+ 58. Kg3 Rxe4 0-1

[Event "Late-Titled-Tuesday-Blitz-January-16-2024"]
[Site "Chess.com"]
[Date "2024.01.16"]
[Round "4"]
[White "Maitreia"]
[Black "VitorBronson"]
[Result "1/2-1/2"]
[WhiteElo "2723"]
[BlackElo "2560"]
[TimeControl "180+1"]
[EndTime "14:38:30 PST"]
[Termination "Game drawn - insufficient material"]

1. c4 c6 2. Nf3 d5 3. g3 Nf6 4.
Bg2 e6 5. b3 Nbd7 6. Bb2 Be7 7.
O-O O-O 8. d3 b6 9. Nc3 Bb7 10. e4 dxe4 11. dxe4 Nc5 12. e5 Nfe4 13. Nxe4 Nxe4 14. Qc2 Nc5 15. Nd4 Qc7 16. b4 Nd7 17. b5 Nxe5 18. f4 c5 19. Nxe6 fxe6 20. Bxe5 Qc8 21.
Rad1 Bxg2 22. Qxg2 Bf6 23. Rd6 Bxe5 24. fxe5 Rxf1+ 25. Qxf1 a6 26. bxa6 Qxa6 27. Qd3 Qxa2 28. Rd8+ Rxd8 29. Qxd8+ Kf7 30. Qd7+ Kf8 31. Qd6+ Kf7 32.
Qd7+ Kf8 33. Qxe6 Qb1+ 34. Kg2 g6 35. Qf6+ Kg8 36. Qd8+ Kg7 37. Qe7+ Kg8 38. Qd8+ Kg7 39. Qd7+ Kg8 40. Qd5+ Kg7 41. e6 Qc2+ 42. Kf3 Qf5+ 43. Qxf5 gxf5 44. Kf4 Kf6 45. e7 Kxe7 46. Kxf5 Kd6 47. g4 Kc6 48. g5 b5 49. cxb5+ Kxb5 50. h4 c4 51. Ke4 Kb4 52. h5 c3 53. Kd3 Kb3 54. g6 hxg6 55. hxg6 c2 56. g7 c1=Q 57. g8=Q+ Kb2 58. Qb8+ Ka1 59. Qa7+ Kb1 60. Qb6+ Qb2 61.
Qg1+ Qc1 62. Qxc1+ Kxc1 1/2-1/2

[Event "Late-Titled-Tuesday-Blitz-January-16-2024"]
[Site "Chess.com"]
[Date "2024.01.16"]
[Round "4"]
[White "bazar-wokzal"]
[Black "DarkAlekhine"]
[Result "1-0"]
[WhiteElo "2572"]
[BlackElo "2721"]
[TimeControl "180+1"]
[EndTime "14:38:31 PST"]
[Termination "bazar-wokzal won on time"]

1. e4 c5 2. c3 Nf6 3. e5 Nd5 4. d4 cxd4 5. cxd4 d6 6. Bc4 Nb6 7.
Bb3 Nc6 8. e6 fxe6 9. Nf3 d5 10.
Nc3 e5 11. dxe5 Bg4 12. Nxd5 Nxd5 13. Qxd5 Qxd5 14. Bxd5 O-O-O 15. Bxc6 bxc6 16. Be3 Bxf3 17. gxf3 e6 18. Ke2 Kb7 19. Rhg1 g6 20. Rg4 Rd5 21. Ra4 Bc5 22. f4 Rhd8 23. Rc1 Bxe3 24. fxe3 Rd2+ 25. Kf3 Rxb2 26. h4 Rdd2 27. Rac4 Rb6 28.
a4 Ra2 29. h5 gxh5 30. Rh1 a5 31. Rxh5 Rb4 32. Rxh7+ Kb6 33. Rc3 Rb1 34. Rc4 Rb4 35.
Rc1 Rb3 36. Re7 Raa3 37. Re1 Rxa4 38. Rxe6 Rd4 39. Rc1 Rdd3 40. Rexc6+ Kb5 41. R6c5+ Kb4 42. R5c4+ Ka3 43. Re1 Kb2 44. e6 Rb5 45. e7 Rb8 46. Re4 Re8 47. f5 Rd6 48. Kf4 Rf6 49. Kg5 1-0

[Event "Late-Titled-Tuesday-Blitz-January-16-2024"]
[Site "Chess.com"]
[Date "2024.01.16"]
[Round "4"]
[White "dosto07"]
[Black "Akhayan"]
[Result "1-0"]
[WhiteElo "2535"]
[BlackElo "2361"]
[TimeControl "180+1"]
[EndTime "14:38:31 PST"]
[Termination "dosto07 won by resignation"]

1. Nf3 a6 2. e4 b5 3. d4 e6 4. Bd3 Bb7 5. O-O d5 6. exd5 exd5 7. Re1+ Be7 8. Bg5 h6 9. Bxe7 Nxe7 10. Qe2 Nc6 11. Nbd2 O-O 12. Nb3 Bc8 13. h3 Bf5 14. Rad1 Bxd3 15. Qxd3 Ng6 16. c3 Qd6 17. Nc5 Rfe8 18.
g3 Na5 19. b3 Nc6 20. Qf5 b4 21. Rxe8+ Rxe8 22. c4 dxc4 23. bxc4 a5 24. Kf1 Nf8 25. Ne4 Qd7 26. Qxd7 Nxd7 27. Ned2 a4 28. Rb1 Rb8 29. d5 Nce5 30. Nxe5 Nxe5 31. Ke2 f5 32. f4 Nd7 33. Kd3 Kf7 34. Kd4 Kf6 35. c5 Nf8 36. Nc4 Rd8 37. Ne5 b3 38. axb3 a3 39. Ra1 Ra8 40. Ra2 g5 41.
Nc4 Rd8 42. Ne5 gxf4 43. gxf4 Ne6+ 44. Kc4 Nxf4 45. Nc6 Rxd5 46. Rxa3 Rd1 47. Ra8 Ne6 48. b4 Rc1+ 49. Kd3 Rd1+ 50. Ke2 Rh1 51. Nd8 Rh2+ 52. Kd1 Nd4 53. Ra7 c6 54. Rc7 Ke5 55. Nxc6+ Ke4 56. Nxd4 Kxd4 57. c6 Kd3 58. Rd7+ Ke4 59. c7 1-0

[Event "Late-Titled-Tuesday-Blitz-January-16-2024"]
[Site "Chess.com"]
[Date "2024.01.16"]
[Round "4"]
[White "mishanick"]
[Black "Hrant_ChessMood"]
[Result "1-0"]
[WhiteElo "3086"]
[BlackElo "2893"]
[TimeControl "180+1"]
[EndTime "14:38:32 PST"]
[Termination "mishanick won on time"]

1. d4 d5 2. c4 e6 3. Nc3 Be7 4. Nf3 Nf6 5. Bg5 Nbd7 6. Qc2 h6 7. Bh4 O-O 8. cxd5 Nxd5 9. Nxd5 Bxh4 10. Nxc7 Rb8 11.
Nb5 Be7 12. e3 Qa5+ 13. Nc3 e5 14. Bd3 exd4 15. exd4 Nb6 16. O-O Be6 17. Rfe1 Bf6 18. Ne4 Be7 19. Nc5 Bxc5 20. Qxc5 Qxc5 21. dxc5 Nd5 22.
a3 a5 23. Rac1 Rfc8 24. Nd4 Nf4 25. Bf1 Bd7 26. g3 Ne6 27. Nxe6 Bxe6 28. b4 axb4 29.
axb4 Kf8 30. Bg2 Rc7 31. Ra1 b6 32. c6 b5 33. Re5 Bc4 34. h4 Rd8 35. Bf3 f6 36.
Re3 g5 37. h5 Kf7 38. Ra6 Rb8 39. Re1 f5 40. Rd1 Ke7 41. Ra3 f4 42. g4 Rb6 43. Ra8 Kf6 44. Rh8 Kg7 45. Rhd8 Rcxc6 46. Bxc6 Rxc6 47. R1d7+ Bf7 48. Rb7 f3 49. Rdd7 Rf6 50.
Rxb5 Rf4 51. Rf5 Rxf5 52. gxf5 Kf6 53. Rxf7+ 1-0

[Event "Late-Titled-Tuesday-Blitz-January-16-2024"]
[Site "Chess.com"]
[Date "2024.01.16"]
[Round "4"]
[White "DavidGavrilescu18"]
[Black "GHANDEEVAM2003"]
[Result "0-1"]
[WhiteElo "2780"]
[BlackElo "3004"]
[TimeControl "180+1"]
[EndTime "14:38:33 PST"]
[Termination "GHANDEEVAM2003 won by resignation"]

1. e4 c6 2. Nf3 d5 3. Nc3 Nf6 4. e5 Ne4 5. Ne2 Bg4 6. Nfg1 Nc5 7. d4 Ne6 8. h3 Bxe2 9. Bxe2 c5 10. dxc5 Nc6 11.
Nf3 Nxc5 12. O-O e6 13. Bf4 Be7 14. c3 h5 15. Nd4 g5 16. Bg3 g4 17. hxg4 hxg4 18.
Bxg4 Ne4 19. Qd3 Bh4 20. Qb5 Qd7 21. Bxh4 Rxh4 22. Bh3 Nxe5 23. Qxd7+ Kxd7 24. Rfe1 Rg8 25. Kf1 Nd3 26. Re2 Rf4 27. Nf3 Rh8 28. Rd1 Rxf3 29. gxf3 Nexf2 30. Rxf2 Nxf2 31. Kxf2 Rxh3 32. Kg2 Rh4 33. Kg3 Ra4 34. a3 Ke7 35. Kf2 Kd6 36. Ke3 Rh4 37. Rg1 Rh2 38. b4 Ra2 39. Rg7 Rxa3 40. Rxf7 Rxc3+ 41. Kd2 Rc7 42. Rf8 Rc4 43. b5 Rb4 44. Ra8 Rxb5 45. Rxa7 Ke5 46. Ra4 Rb3 47.
Ke2 b5 48. Rh4 b4 49. Rh5+ Kd6 50. Rh8 Rc3 51. Rb8 b3 52. Kd2 Rxf3 53. Ke2 Rh3 54. Kd2 b2 0-1

[Event "Late-Titled-Tuesday-Blitz-January-16-2024"]
[Site "Chess.com"]
[Date "2024.01.16"]
[Round "4"]
[White "chessajedrezz2020"]
[Black "Atousa"]
[Result "1-0"]
[WhiteElo "2649"]
[BlackElo "2472"]
[TimeControl "180+1"]
[EndTime "14:38:33 PST"]
[Termination "chessajedrezz2020 won by resignation"]

1. Nf3 d5 2. d4 Nf6 3. c4 e6 4.
Nc3 Be7 5. Bg5 O-O 6. e3 h6 7. Bh4 a6 8. c5 b6 9. b4 a5 10. a3 bxc5 11. dxc5 axb4 12. axb4 Rxa1 13. Qxa1 Nc6 14.
Qa4 Bd7 15. Bb5 Qa8 16. O-O Qxa4 17. Bxa4 Rb8 18. b5 Na5 19. c6 Be8 20. Bg3 Rc8 21. Ra1 Nh5 22. Be5 Nc4 23. Bd4 Nf6 24. Bb3 Bd6 25.
Bxc4 dxc4 26. Ne5 Nd5 27. Nxc4 Be7 28. Nxd5 exd5 29. Na5 f6 30. Nb7 Bg6 31. Bc5 Kf7 32. Ra7 Bd3 33. b6 cxb6 34. Nd6+ Ke6 35. Rxe7+ Kxe7 36. Nxc8+ Kd8 37. Nxb6 Bb5 38. Nxd5 Bxc6 39. Nb4 Be4 40. Bf8 Ke8 41. Bxg7 Kf7 42. Bxh6 Kg6 43.
Bf4 Bb7 44. Nd3 f5 45. Ne5+ Kf6 46. f3 Kg7 47. Kf2 Bd5 48. h3 Kf6 49. h4 Kg7 50. g4 fxg4 51. fxg4 Be4 52. Kg3 Kh7 53. h5 Kh8 54.
Kh4 Kh7 55. g5 Kh8 56. g6 Kg7 57. Kg5 Kh8 58. h6 Kg8 59. Kf6 Kh8 60. Nf7+ Kg8 61. h7+ 1-0

[Event "Late-Titled-Tuesday-Blitz-January-16-2024"]
[Site "Chess.com"]
[Date "2024.01.16"]
[Round "4"]
[White "sergoy"]
[Black "reevecanada"]
[Result "0-1"]
[WhiteElo "2995"]
[BlackElo "2638"]
[TimeControl "180+1"]
[EndTime "14:38:35 PST"]
[Termination "reevecanada won on time"]

1. d4 Nf6 2. c4 c6 3. Nf3 d5 4.
Nc3 dxc4 5. a4 Bf5 6. Ne5 Nbd7 7. Nxc4 Nb6 8. Ne5 a5 9. h4 e6 10. f3 Nfd7 11. e4 Nxe5 12. exf5 Ned7 13. fxe6 fxe6 14. Qb3 Qf6 15. Bg5 Qf7 16. O-O-O h6 17. Bd2 Bb4 18. g4 O-O-O 19. Bg2 Nd5 20. Rhe1 Rde8 21. Kb1 g5 22. Ne4 Kc7 23. h5 Bxd2 24. Nxd2 e5 25. Ne4 Qf4 26. dxe5 Rxe5 27. Rc1 Qf8 28. Red1 Qb4 29. Qd3 Rd8 30.
Rc4 Qe7 31. Qd4 N7b6 32. Rc5 Rd7 33. Rdc1 Re6 34. Rxa5 Nf4 35. Qc3 Nxg2 36. Nc5 Re3 37. Qb4 Qh7+ 38. Ka1 Rd5 39. Ra7 Rxc5 40. Qxc5 Rb3 41. a5 Nd7 42. Qxc6+ Kd8 43. Ra8+ Ke7 44. Qd5 Qd3 45. Qg8 Qxf3 46. Qg7+ Kd6 47. Qxh6+ Kd5 48. Qxg5+ Ne5 49. Qd8+ Ke4 50. Qd2 Nf4 51. Re8 Nd3 52.
Rd8 Nxc1 0-1

[Event "Late-Titled-Tuesday-Blitz-January-16-2024"]
[Site "Chess.com"]
[Date "2024.01.16"]
[Round "4"]
[White "AEMEffi"]
[Black "guillembaches"]
[Result "0-1"]
[WhiteElo "2340"]
[BlackElo "2528"]
[TimeControl "180+1"]
[EndTime "14:38:36 PST"]
[Termination "guillembaches won on time"]

1. d4 d5 2. c4 e6 3. Nc3 a6 4. cxd5 exd5 5. h3 Nf6 6. Bf4 c5 7.
e3 c4 8. g4 b5 9. a3 Bb7 10. Bg2 Be7 11. Nge2 O-O 12. O-O Nbd7 13. g5 Ne4 14. h4 Nb6 15. Ng3 Nxc3 16. bxc3 Bd6 17. Bxd6 Qxd6 18. e4 dxe4 19. Nxe4 Bxe4 20. Bxe4 Rae8 21. Qf3 Re7 22. h5 Rfe8 23. Bc6 Rd8 24. Rfe1 Na4 25. h6 gxh6 26. gxh6 Kh8 27. Kf1 Rg8 28.
Rxe7 Qxe7 29. Re1 Rg1+ 30. Kxg1 Qxe1+ 31. Kg2 Qe6 32. Qe4 Qxh6 33. d5 Nxc3 34. Qe5+ Qg7+ 35.
Qxg7+ Kxg7 36. d6 Kf6 37. f4 Ke6 38. d7 Ke7 39. Kf3 Na4 40. f5 Nc5 41. f6+ Kd8 42. Bd5 Nxd7 43. Bxf7 Nxf6 44. Ke3 Kc7 45. Kd4 Kd6 46. a4 h5 47. axb5 axb5 48. Bg6 Kc6 49. Bf7 Kb6 50. Kc3 h4 51. Be6 Ne4+ 52. Kb4 Ng5 0-1

[Event "Late-Titled-Tuesday-Blitz-January-16-2024"]
[Site "Chess.com"]
[Date "2024.01.16"]
[Round "4"]
[White "MKlose11"]
[Black "ImportedItalianMaple"]
[Result "0-1"]
[WhiteElo "2631"]
[BlackElo "2427"]
[TimeControl "180+1"]
[EndTime "14:38:37 PST"]
[Termination "ImportedItalianMaple won by resignation"]

1. e4 g6 2. d4 Bg7 3. Nc3 d5 4. exd5 Nf6 5. Nf3 O-O 6. Be2 Nbd7 7. O-O Nb6 8. Bf4 Nbxd5 9. Nxd5 Nxd5 10. Be5 Nf6 11. c3 Bf5 12. Re1 c6 13. Bf1 a5 14.
Qb3 Qd7 15. Nd2 a4 16. Qd1 a3 17. b3 b5 18. Rc1 Rfd8 19. Be2 c5 20. Nf3 Qb7 21.
Qd2 Ne4 22. Qe3 f6 23. Bf4 g5 24. Bg3 Rac8 25. dxc5 Nxc5 26. Nd4 Bd7 27. Qxe7 Re8 28. Qd6 Ne4 29. Qxa3 Nxc3 30. Bf3 Qb6 31. Ne2 b4 32.
Qb2 f5 33. Qd2 f4 34. Nxc3 bxc3 35. Qxd7 Red8 36. Qf5 fxg3 37. hxg3 c2 38. Bd5+ Kh8 39. Bc4 Bd4 40. Rxc2 Rf8 41. Qe4 Bxf2+ 42. Kh2 Bxe1 43. Qxe1 Qd6 44. Rd2 Rce8 45. Qxe8 Qh6+ 46. Kg1 Rxe8 47.
Rf2 Qd6 48. Rf1 Qd4+ 49. Rf2 Rd8 50. Kh2 Qxf2 51. g4 Qe3 52. g3 Qd4 53. Kh3 Kg7 54.
Kg2 Re8 55. Kf3 Re3+ 56. Kf2 Qc3 57. Kf1 Qd2 58. Kg1 Re1+ 59. Bf1 Qe3+ 60. Kg2 Qd2+ 0-1

[Event "Late-Titled-Tuesday-Blitz-January-16-2024"]
[Site "Chess.com"]
[Date "2024.01.16"]
[Round "4"]
[White "Maect19"]
[Black "maximnovik"]
[Result "0-1"]
[WhiteElo "2360"]
[BlackElo "2535"]
[TimeControl "180+1"]
[EndTime "14:38:40 PST"]
[Termination "maximnovik won by resignation"]

1. Nf3 Nf6 2. c4 g6 3. Nc3 d5 4.
cxd5 Nxd5 5. Nxd5 Qxd5 6. g3 Bg7 7. Bg2 e5 8. d3 Nc6 9. O-O O-O 10. a3 a5 11. Be3 Qb5 12. Rb1 Be6 13. Qd2 a4 14. Rfc1 Rac8 15. Rc5 Qa6 16. Bh6 f6 17. Rbc1 Qb6 18. Bxg7 Kxg7 19. Qc2 Bb3 20. Qc3 Rf7 21. Kf1 Rd8 22. Nd2 Be6 23. Bxc6 bxc6 24. Rxc6 Bh3+ 25. Kg1 Qb7 26. Ne4 Rdd7 27. f3 Rde7 28. d4 Qa7 29. Qc5 Qxc5 30. dxc5 Be6 31. Rd1 Rd7 32. Rxd7 Bxd7 33. Ra6 Bb5 34. Ra7 Bxe2 35. Kf2 Bd1 36. Nc3 Bb3 37. Nb5 c6 38. Rxf7+ Kxf7 39. Nd6+ Ke6 40.
Ke3 g5 41. Ke4 Bd5+ 42. Ke3 f5 43. Ne8 f4+ 44. Ke2 Ke7 45. Nc7 Bc4+ 46. Kd2 Kd7 47. Na8 Ke6 48. Nb6 Bd5 49. Ke2 Bb3 50. Kf2 h6 51. Ke2 Kf5 52. Kf2 fxg3+ 53. hxg3 h5 54.
Ke3 h4 55. gxh4 gxh4 56. Kf2 Kf4 57. Nd7 Bd5 58. Nf6 Bxf3 59. Ne8 e4 60. Nf6 e3+ 61. Ke1 h3 0-1

[Event "Late-Titled-Tuesday-Blitz-January-16-2024"]
[Site "Chess.com"]
[Date "2024.01.16"]
[Round "4"]
[White "vladoboch"]
[Black "ArtemDyachuk"]
[Result "0-1"]
[WhiteElo "2418"]
[BlackElo "2655"]
[TimeControl "180+1"]
[EndTime "14:38:43 PST"]
[Termination "ArtemDyachuk won by resignation"]

1. e4 c5 2. Nf3 d6 3. d4 cxd4 4.
Nxd4 Nf6 5. Nc3 a6 6. Be3 Ng4 7. Bc1 Nc6 8. f3 Nf6 9. Be3 g6 10. Qd2 Bg7 11. O-O-O O-O 12. h4 Nxd4 13. Bxd4 b5 14. h5 b4 15. Nd5 Nxd5 16. Bxg7 Kxg7 17. hxg6 hxg6 18. Qh6+ Kf6 19. Rxd5 Ke6 20. Bc4 Kd7 21. e5 Bb7 22. Rd2 Rh8 23. Qxh8 Qxh8 24. Rxh8 Rxh8 25. Bxf7 Rh1+ 26. Rd1 Rh2 27. e6+ Kc7 28. Rd4 Rxg2 29. Rc4+ Kb6 30. Rxb4+ Ka7 31. Rg4 Rf2 32. Bxg6 Rxf3 33. Bd3 Rf6 34. Bc4 d5 35. Bb3 Rxe6 36. Rb4 Rd6 37. Kd2 a5 38. Ra4 Kb6 39. Rh4 Bc6 40.
c3 e5 41. Bc2 Kc5 42. Rh5 Re6 43. a3 Kd6 44. b4 axb4 45. cxb4 d4 46. a4 e4 47. b5 e3+ 48. Ke2 Bf3+ 49. Kxf3 e2 50. Rh1 e1=Q 51. Rxe1 Rxe1 52. Bd3 Re3+ 53. Kf4 Rxd3 54.
Ke4 Rd1 0-1

[Event "Late-Titled-Tuesday-Blitz-January-16-2024"]
[Site "Chess.com"]
[Date "2024.01.16"]
[Round "4"]
[White "Piotrek1979"]
[Black "BardArtem"]
[Result "1/2-1/2"]
[WhiteElo "2422"]
[BlackElo "2812"]
[TimeControl "180+1"]
[EndTime "14:38:44 PST"]
[Termination "Game drawn by repetition"]

1. d4 g6 2. c4 Bg7 3. Nc3 b6 4. e4 Bb7 5. Be3 e6 6. f3 d6 7.
Qd2 h6 8. Nge2 Ne7 9. O-O-O Nd7 10. g4 a6 11. h4 Kf8 12. Kb1 Qb8 13. Ng3 b5 14. h5 g5 15. f4 b4 16. Nce2 gxf4 17. Nxf4 e5 18. Nd5 Bxd5 19. exd5 exd4 20. Bxd4 Ne5 21. g5 b3 22. a3 hxg5 23. h6 Rxh6 24. Rxh6 Bxh6 25. Be2 Qc8 26. Rh1 Bg7 27. Qxg5 c6 28. Rh7 N7g6 29. Nf5 Qd8 30. Qxd8+ Rxd8 31. Rxg7 cxd5 32. cxd5 Re8 33. Rh7 Nf3 34. Rxf7+ Kxf7 35. Nxd6+ Ke7 36. Nxe8 Nxd4 37. Bd3 Ne5 38. d6+ Kxe8 39.
Bxa6 Kd7 40. Bf1 Kxd6 41. a4 Kc5 42. a5 Nec6 43. a6 Kb6 44. Kc1 Na5 45. Bd3 Ndc6 46. Kd2 Nb4 47. Be2 Nxa6 48. Kc3 Nc5 49. Bc4 Nxc4 50. Kxc4 Kc6 51. Kb4 Kd5 52. Kc3 Kd6 53. Kc4 Kc6 54. Kb4 Kb6 55. Kc4 Kc6 1/2-1/2

[Event "Late-Titled-Tuesday-Blitz-January-16-2024"]
[Site "Chess.com"]
[Date "2024.01.16"]
[Round "4"]
[White "Msb2"]
[Black "Sargsyan_Shant"]
[Result "1-0"]
[WhiteElo "3045"]
[BlackElo "2871"]
[TimeControl "180+1"]
[EndTime "14:38:45 PST"]
[Termination "Msb2 won on time"]

1. d4 g6 2. c4 Bg7 3. e4 d6 4. Nc3 Nd7 5. Nf3 e5 6. Be2 Ne7 7. O-O O-O 8. Be3 a5 9. Qd2 exd4 10. Nxd4 Nc6 11. Rad1 Re8 12. f4 Nf6 13. Bf3 Ng4 14.
Bxg4 Bxg4 15. Rde1 Bd7 16. f5 Ne5 17. b3 a4 18. Bg5 f6 19. Bh6 axb3 20. axb3 g5 21. Bxg7 Kxg7 22. Ra1 Rxa1 23. Rxa1 c6 24. h3 Qb6 25.
Kh2 h5 26. Qe3 Qc7 27. Ra7 d5 28. Kh1 dxc4 29. bxc4 Nxc4 30. Qe2 Ne5 31. Qb2 Rb8 32. Qb3 g4 33. Qe6 Qd8 34. Qd6 Nf7 35. Qg3 Ne5 36. Nce2 Qb6 37. Ra1 Rh8 38. Qa3 c5 39. Ne6+ Bxe6 40.
fxe6 Qxe6 41. Ng3 Rc8 42. Nf5+ Kh7 43. Qc1 Nf7 44. Qf4 Ng5 45. Rd1 Rf8 46. hxg4 h4 47.
Re1 Qe5 48. Qf2 Kg6 49. Nxh4+ Kf7 50. Kg1 Rh8 51. Rd1 Ne6 52. Rd7+ Ke8 53. Re7+ Kd8 54.
Qd2+ Kc8 55. Qd7+ 1-0